 Dungeon Crawl Stone Soup version 0.20.0-8-g6b59dc7 (webtiles) character file.

83 George the Slasher (level 4, -2/33 HPs)
             Began as a Demonspawn Gladiator on May 31, 2017.
             Slain by a gnoll
             ... wielding a +0 whip
              (5 damage)
             ... on level 2 of the Dungeon.
             The game lasted 00:02:29 (1760 turns).

George the Slasher (Demonspawn Gladiator)           Turns: 1760, Time: 00:02:30

Health: -2/33      AC:  9    Str: 15    XL:     4   Next: 22%
Magic:  0/4        EV: 11    Int: 10    God:
Gold:   157        SH:  0    Dex: 14    Spells: 3/3 levels left

rFire    . . .     SeeInvis .   a - +0 long sword
rCold    . . .     Gourm    .   (no shield)
rNeg     . . .     Faith    .   h - +0 ring mail
rPois    .         Spirit   +   c - +0 helmet
rElec    .         Reflect  .   (no cloak)
rCorr    .         Harm     .   g - +2 pair of gloves
MR       .....                  (no boots)
Stlth    +.........             u - amulet of guardian spirit
Regen    0.2/turn               (no ring)
MPRegen  0.1/turn               (no ring)

@: no status effects
A: talons 1, powered by pain 1
a: no special abilities


You were on level 2 of the Dungeon.
You were not hungry.

You visited 1 branch of the dungeon, and saw 3 of its levels.

You collected 157 gold pieces.

Inventory:

Hand Weapons
 a - a +0 long sword (weapon)
Missiles
 d - 3 throwing nets (quivered)
Armour
 c - a +0 helmet (worn)
 g - a +2 pair of gloves (worn)
 h - a +0 ring mail (worn)
Jewellery
 u - an amulet of guardian spirit (around neck)
Scrolls
 b - a scroll of fear {unknown}
 e - 2 scrolls of amnesia {unknown}
 l - a scroll of magic mapping {unknown}
 m - a scroll of blinking {unknown}
 n - 2 scrolls of remove curse {unknown}
 o - 2 scrolls of identify {unknown}
 p - a scroll of enchant weapon {unknown}
Potions
 k - a potion of cancellation
 q - 2 potions of lignification {unknown}
 r - 2 potions of flight {unknown}
 t - a potion of agility {unknown}
 v - a potion of berserk rage {unknown}
Comestibles
 f - a bread ration
 s - a meat ration
 w - a royal jelly


   Skills:
 - Level 2.0 Fighting
 + Level 4.6 Long Blades
 - Level 1.7 Throwing
 - Level 2.6 Dodging


You had 3 spell levels left.
You didn't know any spells.

Dungeon Overview and Level Annotations

Branches:
Dungeon (3/15)

Altars:
Sif Muna


Innate Abilities, Weirdness & Mutations

You have sharp toenails.
You sometimes gain a little power by taking damage.


Message History

The worm barely misses you.
You hit the gnoll but do no damage. You claw the gnoll, but do no damage.
The gnoll is severely wounded.
The gnoll barely misses you.
You riposte.
You closely miss the gnoll.
The gnoll is severely wounded.
The gnoll hits you with a whip.
* * * LOW HITPOINT WARNING * * *
You hit the gnoll but do no damage. You claw the gnoll, but do no damage.
The gnoll is severely wounded.
The gnoll barely misses you. x2; You riposte.
Your ring mail prevents you from hitting the gnoll.
The worm bites you but does no damage.
You hit the gnoll but do no damage. You claw the gnoll, but do no damage.
The gnoll is severely wounded.
The gnoll hits you with a whip. The gnoll closely misses you.
The worm bites you.
* * * LOW HITPOINT WARNING * * *
It was a potion of cancellation.
You feel magically purged. The gnoll hits you with a whip.
You die...

#.###..#.####.######.#.....##
#........##.....[.....#######
#......†...............# ##
#.#.#.##.###..#####...## #.
##.#.#.##......# ##..## #.
###....#.######.## #...# #.
#...............# #.#.### #.
#.#..##.......wg#
#.....#####.
#.#...........g@#
#.......[...
#.##.##.#.......#
#.#####.....
#.##.##.#......##
##.##_##.....
#.......#......#
#.###'######.
####.########### ##.#(..# ##.
#...........# #.#...# #..
#..###..###.######(#...# #..
#..###..#.........^#...# #..
#.........#.########...# #.#


You could see a worm and 2 gnolls.

Vanquished Creatures
  3 adders
  A gnoll (D:3)
  An ooze (D:1)
  2 worms (D:2)
  2 dart slugs (D:1)
  4 bats
  A giant cockroach (D:1)
  9 hobgoblins
  A quokka (D:2)
  5 kobolds
  8 rats
37 creatures vanquished.

Notes
Turn   | Place    | Note
-------+----------+-------------------------------------------
     0 | D:1      | George the Demonspawn Gladiator began the quest for the Orb.
     0 | D:1      | Reached XP level 1. HP: 16/16 MP: 1/1
   103 | D:1      | Reached skill level 3 in Long Blades
   200 | D:1      | Gained mutation: You sometimes gain a little power by taking damage. [demonic ancestry]
   200 | D:1      | Reached XP level 2. HP: 22/22 MP: 2/2
   716 | D:2      | Reached XP level 3. HP: 24/27 MP: 3/3
   866 | D:2      | Reached skill level 4 in Long Blades
   886 | D:2      | Found a deep blue altar of Sif Muna.
  1511 | D:3      | Gained mutation: You have sharp toenails. [demonic ancestry]
  1511 | D:3      | Reached XP level 4. HP: 33/33 MP: 4/4
  1760 | D:2      | Slain by a gnoll

Skill      XL: |  1  2  3 |
---------------+----------+-----
Long Blades    | 3 4 |  4.6
Fighting       | |  2.0
Throwing       | |  1.7
Dodging        | |  2.6

Action                   |  1- 3 |  4- 6 || total
-------------------------+-------+-------++-------
Melee: Long sword        |   111 |    14 ||   125
       Kick              |       |     5 ||     5
  Use: Potion            |       |     3 ||     3
  Eat: Chunk             |     1 |     2 ||     3
Armor: Ring mail         |    51 |    12 ||    63
       Leather armour    |     1 |       ||     1
Dodge: Dodged            |    74 |    20 ||    94
       Rpst.: Long sword |    20 |     3 ||    23
